BSA
GREENVILLE 84S @ KANSAS CITY KINGS
06/30/2027
 
TOP OF THE 1ST
Greenville 84s batting - Pitching for Kansas City Kings : RHP Carlos Pacheco
Pitching: RHP Carlos Pacheco
Batting: RHB Carlos Torres 0-0: Ball
1-0: Ball
2-0: Swinging Strike
2-1: Swinging Strike
2-2: Foul Ball, location: 2F
2-2: Fly out, F9 (Flyball, 9)
Batting: LHB Chris Moore 0-0: Swinging Strike
0-1: Ball
1-1: Ground out 6-3 (Groundball, 6M)
Batting: LHB Paco Rosas 0-0: Ball
1-0: Ball
2-0: Called Strike
2-1: Fly out, F7 (Flyball, 7D)
Top of the 1st over - 0 run(s), 0 hit(s), 0 error(s), 0 left on base; Greenville 0 - Kansas City 0
BOTTOM OF THE 1ST
Kansas City Kings batting - Pitching for Greenville 84s : RHP Andrés Vázquez
Pitching: RHP Andrés Vázquez
Batting: RHB Chris Chandler 0-0: Called Strike
0-1: Foul Ball, location: 2F
0-2: Fly out, F8 (Line Drive, 78M)
Batting: RHB Toshimichi Kono 0-0: Ball
1-0: Ball
2-0: Called Strike
2-1: Foul Ball, location: 2F
2-2: Strikes out looking
Batting: SHB José Cruz 0-0: Ball
1-0: Ground out 3-1 (Groundball, 34S)
Bottom of the 1st over - 0 run(s), 0 hit(s), 0 error(s), 0 left on base; Greenville 0 - Kansas City 0
TOP OF THE 2ND
Greenville 84s batting - Pitching for Kansas City Kings : RHP Carlos Pacheco
Batting: LHB Brock Larsen 0-0: Called Strike
0-1: Ball
1-1: Ball
2-1: Ball
3-1: Ground out 3-1 (Groundball, 34S)
Batting: RHB Enzo Díaz 0-0: Ball
1-0: Foul Ball, location: 2F
1-1: Ball
2-1: Ball
3-1: Called Strike
3-2: Fly out, F8 (Flyball, 8RM)
Batting: LHB Jimmy Vickers 0-0: Called Strike
0-1: Called Strike
0-2: Ball
1-2: Foul Ball, location: 2F
1-2: Strikes out swinging
Top of the 2nd over - 0 run(s), 0 hit(s), 0 error(s), 0 left on base; Greenville 0 - Kansas City 0
BOTTOM OF THE 2ND
Kansas City Kings batting - Pitching for Greenville 84s : RHP Andrés Vázquez
Batting: LHB Pablo Reyes 0-0: TRIPLE (Line Drive, 89D)
Batting: RHB Dave Parker 0-0: Ball
1-0: Called Strike
1-1: Ball
2-1: Swinging Strike
2-2: Ground out 4-3 (Groundball, 4D)
Pablo Reyes scores
Batting: LHB Howard Lambert 0-0: Called Strike
0-1: Called Strike
0-2: Strikes out swinging
Batting: SHB António De La Cruz 0-0: Ball
1-0: Ball
2-0: SINGLE (Groundball, 6MD)
Batting: RHB Eric Fuller 0-0: Foul Ball, location: 2F
0-1: Ball
António De La Cruz is caught stealing 2nd base
Bottom of the 2nd over - 1 run(s), 2 hit(s), 0 error(s), 0 left on base; Greenville 0 - Kansas City 1
TOP OF THE 3RD
Greenville 84s batting - Pitching for Kansas City Kings : RHP Carlos Pacheco
Batting: RHB Owen Carter 0-0: Ball
1-0: Foul Ball, location: 2F
1-1: DOUBLE (Line Drive, 78D)
Pinch Runner at 2nd Cristo García:
Batting: LHB Robert Moore 0-0: Ball
1-0: Ground out 4-3 (Groundball, 4)
Cristo García to third
Batting: LHB Mario Cornelo 0-0: Ball
1-0: Fly out, F8 (Line Drive, 8LXD)
Runner from 3rd tags up, SCORES, no throw
Now in CF: Bruno Lalonde
Batting: RHB Carlos Torres 0-0: Foul Ball, location: 2F
0-1: Ball
1-1: Ball
2-1: Foul Ball, location: 2F
2-2: Foul Ball, location: 2F
2-2: SINGLE (Groundball, 34D)
Batting: LHB Chris Moore 0-0: Called Strike
0-1: Ball
1-1: Ball
2-1: Called Strike
2-2: Ball
Carlos Torres is caught stealing 2nd base
Top of the 3rd over - 1 run(s), 2 hit(s), 0 error(s), 0 left on base; Greenville 1 - Kansas City 1
BOTTOM OF THE 3RD
Kansas City Kings batting - Pitching for Greenville 84s : RHP Andrés Vázquez
Batting: RHB Eric Fuller 0-0: Ball
1-0: Swinging Strike
1-1: Swinging Strike
1-2: Ball
2-2: Strikes out swinging
Batting: RHB Raúl Bruno 0-0: Ball
1-0: SINGLE (Flyball, 7LS)
Batting: RHB Chris Chandler 0-0: Swinging Strike
0-1: Swinging Strike
0-2: Foul Ball, location: 2F
0-2: Ball
1-2: Foul Ball, location: 2F
1-2: Fielders Choice at 2nd, 5-4 (Groundball, 5)
Batting: RHB Toshimichi Kono 0-0: Ball
1-0: Fielders Choice at 2nd, 6-4 (Groundball, 6)
Bottom of the 3rd over - 0 run(s), 1 hit(s), 0 error(s), 0 left on base; Greenville 1 - Kansas City 1
TOP OF THE 4TH
Greenville 84s batting - Pitching for Kansas City Kings : RHP Carlos Pacheco
Batting: LHB Chris Moore 0-0: Called Strike
0-1: DOUBLE (Line Drive, 8LXD)
Batting: LHB Paco Rosas 0-0: Called Strike
0-1: Ball
1-1: Ball
2-1: Called Strike
2-2: Ground out 3-1 (Groundball, 34)
Chris Moore to third
Batting: LHB Brock Larsen 0-0: SINGLE (Groundball, 56S) (infield hit)
Chris Moore scores
Batting: RHB Enzo Díaz 0-0: Ball
1-0: Foul Ball, location: 2F
1-1: Fielders Choice at 2nd, 6-4 (Groundball, 6)
Batting: LHB Jimmy Vickers 0-0: Ball
Enzo Díaz steals 2nd base
1-0: Called Strike
1-1: Foul Ball, location: 2F
1-2: Strikes out swinging
Top of the 4th over - 1 run(s), 2 hit(s), 0 error(s), 1 left on base; Greenville 2 - Kansas City 1
BOTTOM OF THE 4TH
Kansas City Kings batting - Pitching for Greenville 84s : RHP Andrés Vázquez
Batting: LHB Bruno Lalonde 0-0: Ball
1-0: Ball
2-0: Foul Ball, location: 2F
2-1: Ground out 3-1 (Groundball, 34)
Batting: LHB Pablo Reyes 0-0: Ball
1-0: Ball
2-0: Ball
3-0: Called Strike
3-1: Swinging Strike
3-2: Base on Balls
Batting: RHB Dave Parker 0-0: Ball
1-0: Ball
2-0: SINGLE (Flyball, 8RS)
Pablo Reyes to second
Batting: LHB Howard Lambert 0-0: Ball
1-0: Called Strike
1-1: Fly out, F8 (Flyball, 8RS)
Batting: SHB António De La Cruz 0-0: Swinging Strike
0-1: Foul Ball, location: 2F
0-2: Foul Ball, location: 2F
0-2: Strikes out looking
Bottom of the 4th over - 0 run(s), 1 hit(s), 0 error(s), 2 left on base; Greenville 2 - Kansas City 1
TOP OF THE 5TH
Greenville 84s batting - Pitching for Kansas City Kings : RHP Carlos Pacheco
Batting: RHB Cristo García 0-0: Ball
1-0: Swinging Strike
1-1: Swinging Strike
1-2: Strikes out swinging
Batting: LHB Robert Moore 0-0: Ground out 4-3 (Groundball, 4)
Batting: LHB Mario Cornelo 0-0: Ball
1-0: Foul Ball, location: 2F
1-1: Ball
2-1: Foul Ball, location: 2F
2-2: Ball
3-2: Base on Balls
Batting: RHB Carlos Torres 0-0: Ball
Mario Cornelo steals 2nd base
1-0: Ball
2-0: Ball
3-0: Base on Balls
Batting: LHB Chris Moore 0-0: Ball
1-0: Fly out, F6 (Popup, 56D)
Top of the 5th over - 0 run(s), 0 hit(s), 0 error(s), 2 left on base; Greenville 2 - Kansas City 1
BOTTOM OF THE 5TH
Kansas City Kings batting - Pitching for Greenville 84s : RHP Andrés Vázquez
Batting: RHB Eric Fuller 0-0: SINGLE (Groundball, 15S) (infield hit)
Batting: RHB Raúl Bruno 0-0: Ball
Eric Fuller steals 2nd base
1-0: Ball
2-0: Called Strike
2-1: Ball
3-1: Fly out, F8 (Flyball, 89M)
Batting: RHB Chris Chandler 0-0: Foul Ball, location: 2F
0-1: Ball
1-1: Ball
2-1: Called Strike
2-2: Strikes out swinging
Batting: RHB Toshimichi Kono 0-0: Ball
1-0: Ball
2-0: Called Strike
2-1: Foul Ball, location: 2F
2-2: Foul Ball, location: 2F
2-2: Ground out 6-3 (Groundball, 6)
Bottom of the 5th over - 0 run(s), 1 hit(s), 0 error(s), 1 left on base; Greenville 2 - Kansas City 1
TOP OF THE 6TH
Greenville 84s batting - Pitching for Kansas City Kings : RHP Carlos Pacheco
Batting: LHB Paco Rosas 0-0: Called Strike
0-1: Ball
1-1: Ground out 4-3 (Groundball, 34)
Batting: LHB Brock Larsen 0-0: Foul Ball, location: 2F
0-1: Swinging Strike
0-2: Ground out 3-1 (Groundball, 34)
Batting: RHB Enzo Díaz 0-0: Ball
1-0: Foul Ball, location: 2F
1-1: Called Strike
1-2: Ball
2-2: Foul Ball, location: 2F
2-2: Ground out 5-3 (Groundball, 56S)
Top of the 6th over - 0 run(s), 0 hit(s), 0 error(s), 0 left on base; Greenville 2 - Kansas City 1
BOTTOM OF THE 6TH
Kansas City Kings batting - Pitching for Greenville 84s : RHP Andrés Vázquez
Batting: LHB Bruno Lalonde 0-0: Called Strike
0-1: Ball
1-1: Ball
2-1: DOUBLE (Flyball, 7D)
Batting: LHB Pablo Reyes 0-0: Foul Ball, location: 2F
0-1: Ball
1-1: Fly out, F8 (Flyball, 78M)
Batting: RHB Dave Parker 0-0: Ball
1-0: Fly out, F2 (Popup, 5S)
Pitching: RHP Pierre Deschênes
Batting: LHB Howard Lambert 0-0: Fly out, F9 (Flyball, 9)
Bottom of the 6th over - 0 run(s), 1 hit(s), 0 error(s), 1 left on base; Greenville 2 - Kansas City 1
TOP OF THE 7TH
Greenville 84s batting - Pitching for Kansas City Kings : RHP Carlos Pacheco
Batting: LHB Jimmy Vickers 0-0: Ball
1-0: Called Strike
1-1: Swinging Strike
1-2: Strikes out looking
Batting: RHB Cristo García 0-0: Called Strike
0-1: Fly out, F9 (Flyball, 9S)
Batting: LHB Robert Moore 0-0: Ball
1-0: Called Strike
1-1: SINGLE (Groundball, 4MD)
Batting: LHB Mario Cornelo 0-0: Ball
1-0: SINGLE (Groundball, 5S) (infield hit)
Robert Moore to second
Batting: RHB Carlos Torres 0-0: Ball
1-0: Foul Ball, location: 2F
1-1: Ball
2-1: Fielders Choice at 2nd, 4-6 (Groundball, 4)
Top of the 7th over - 0 run(s), 2 hit(s), 0 error(s), 1 left on base; Greenville 2 - Kansas City 1
BOTTOM OF THE 7TH
Kansas City Kings batting - Pitching for Greenville 84s : RHP Pierre Deschênes
Batting: SHB António De La Cruz 0-0: Ball
1-0: Ball
2-0: Ball
3-0: Called Strike
3-1: Called Strike
3-2: Strikes out swinging, 2-3 out at first.
Batting: RHB Eric Fuller 0-0: Called Strike
0-1: Ball
1-1: Ball
2-1: Foul Ball, location: 2F
2-2: Ground out 5-3 (Groundball, 56S)
Batting: RHB Raúl Bruno 0-0: Ground out U3 (Groundball, 3)
Bottom of the 7th over - 0 run(s), 0 hit(s), 0 error(s), 0 left on base; Greenville 2 - Kansas City 1
TOP OF THE 8TH
Greenville 84s batting - Pitching for Kansas City Kings : RHP Carlos Pacheco
Pitching: RHP Mike Hodges
Batting: LHB Chris Moore 0-0: Ball
1-0: Called Strike
1-1: Called Strike
1-2: Foul Ball, location: 2F
1-2: Ball
2-2: Strikes out looking
Batting: LHB Paco Rosas 0-0: Ground out 5-3 (Groundball, 56S)
Batting: LHB Brock Larsen 0-0: Ground out 6-3 (Groundball, 56)
Top of the 8th over - 0 run(s), 0 hit(s), 0 error(s), 0 left on base; Greenville 2 - Kansas City 1
BOTTOM OF THE 8TH
Kansas City Kings batting - Pitching for Greenville 84s : RHP Pierre Deschênes
Batting: RHB Chris Chandler 0-0: Ball
1-0: Foul Ball, location: 2F
1-1: Ball
2-1: Fly out, F9 (Flyball, 9S)
Batting: RHB Toshimichi Kono 0-0: Foul Ball, location: 2F
0-1: Ball
1-1: Foul Ball, location: 2F
1-2: Ball
2-2: Fly out, F7 (Flyball, 7)
Pitching: LHP Manuel Herrera
Batting: LHB Bruno Lalonde 0-0: Ball
1-0: Ball
2-0: Called Strike
2-1: Foul Ball, location: 2F
2-2: Ground out 6-3 (Groundball, 56)
Bottom of the 8th over - 0 run(s), 0 hit(s), 0 error(s), 0 left on base; Greenville 2 - Kansas City 1
TOP OF THE 9TH
Greenville 84s batting - Pitching for Kansas City Kings : RHP Mike Hodges
Batting: RHB Enzo Díaz 0-0: Ball
1-0: Called Strike
1-1: Ball
2-1: SINGLE (Groundball, 56D)
Batting: LHB Jimmy Vickers 0-0: Called Strike
0-1: Bunted foul
0-2: Ball
1-2: Ball
Wild Pitch!
Enzo Díaz to second
2-2: SINGLE (Groundball, 56D)
Enzo Díaz to third
Runner from 3rd tries for Home, SAFE, no throw
Batting: RHB Cristo García 0-0: Ball
1-0: Called Strike
1-1: Foul Ball, location: 2F
1-2: Strikes out swinging
Batting: LHB Robert Moore 0-0: Called Strike
0-1: Foul Ball, location: 2F
0-2: SINGLE (Groundball, 34)
Jimmy Vickers to second
Throwing error, E9
Jimmy Vickers scores
Robert Moore to second
Pitching: RHP Nariaki Tanaka
Batting: LHB Mario Cornelo 0-0: Ball
1-0: Called Strike
1-1: Called Strike
1-2: Foul Ball, location: 2F
1-2: Ball
2-2: Strikes out swinging
Batting: RHB Carlos Torres 0-0: Ball
1-0: Ball
2-0: SINGLE (Line Drive, 6MD)
Robert Moore to third
Batting: LHB Chris Moore 0-0: Fielders Choice at 2nd, 4-6 (Groundball, 4)
Top of the 9th over - 2 run(s), 4 hit(s), 1 error(s), 1 left on base; Greenville 4 - Kansas City 1
BOTTOM OF THE 9TH
Kansas City Kings batting - Pitching for Greenville 84s : LHP Manuel Herrera
Pitching: LHP Francisco Ríos
Batting: LHB Pablo Reyes 0-0: Called Strike
0-1: Foul Ball, location: 2F
0-2: Strikes out swinging
Batting: RHB Dave Parker 0-0: Ball
1-0: Ground out 4-3 (Groundball, 4)
Batting: LHB Howard Lambert 0-0: Ball
1-0: Swinging Strike
1-1: Ball
2-1: Foul Ball, location: 2F
2-2: Fly out, F7 (Flyball, 7D)
Bottom of the 9th over - 0 run(s), 0 hit(s), 0 error(s), 0 left on base; Greenville 4 - Kansas City 1
Thursday, March 30th, 2017 - OOTP Baseball 17.12 Build 75